AoeStats
← sheldongriffinjohnson

Fortress

508943264Analyzed
4v4 RM · 8d ago on Sep 24, 2026· 113m 16s· 8 players
Game mode
Random Map
Map size
Huge
Population
200
Speed
Normal
Resources
Standard
Victory
Conquest
Starting age
Dark Age
Ending age
Imperial Age
RankedLock teamsTeams togetherTeam positionsShared explorationLock speedFull tech treeHidden civsTurbo modeCheats
Victory
Defeat
🇺🇸 Saxons · United States
731
+11
🇿🇦 Slavs · South Africa
718
+11
🇹🇷 Hindustanis · Türkiye
686
+13
🇯🇵 Persians · Japan
591
+16
🇺🇸 Franks · United States
650
-14
🇧🇷 Mongols · Brazil
633
-14
🇺🇸 Lithuanians · United States
626
-13
🇦🇷 Burgundians · Argentina
541
-10
wreakzhavoc
1:07 Loom
8:48 Feudal Age
10:12 Horse Collar
12:26 Double-Bit Axe
19:26 Castle Age
28:40 Husbandry
28:51 Bloodlines
33:51 Imperial Age
33:51 Heavy Plow
34:43 Fortified Wall
34:29 Murder Holes
35:04 Elite Leitis
36:05 Conscription
37:40 Scale Barding Armor
37:45 Forging
38:00 Conscription
37:01 Elite Leitis
39:35 Chain Barding Armor
39:51 Iron Casting
42:25 Plate Barding Armor
42:42 Squires
42:02 Pikeman
42:29 Arson
46:25 Scale Mail Armor
47:20 Halberdier
48:18 Chain Mail Armor
52:18 Ballistics
53:02 Chemistry
74:14 Bombard Tower
75:40 Caravan
78:18 Bow Saw
79:53 Light Cavalry
81:15 Guard Tower
81:25 Winged Hussar
JT One
1:01 Loom
8:31 Feudal Age
9:55 Double-Bit Axe
14:53 Castle Age
15:26 Wheelbarrow
17:08 Bow Saw
17:59 Caravan
18:33 Caravan
18:32 Gold Mining
18:35 Stone Mining
20:49 Pikeman
21:49 Hand Cart
29:19 Imperial Age
29:34 Gold Shaft Mining
29:09 Scale Mail Armor
29:40 Halberdier
29:46 Elite Skirmisher
30:36 Cavalier
31:17 Husbandry
32:53 Onager
33:45 Husbandry
42:31 Paladin
43:50 Paladin
44:00 Paladin
53:14 Scale Barding Armor
53:24 Chain Mail Armor
53:10 Padded Archer Armor
61:55 Chain Barding Armor
62:05 Plate Mail Armor
61:50 Leather Archer Armor
97:33 Plate Mail Armor
97:18 Leather Archer Armor
97:24 Chain Barding Armor
98:51 Chain Barding Armor
Taz Mania
9:55 Feudal Age
11:24 Wheelbarrow
15:48 Castle Age
14:45 Double-Bit Axe
14:42 Horse Collar
19:30 Hand Cart
20:37 Gold Mining
22:13 Heavy Plow
23:19 Fervor
24:10 Fletching
24:20 Padded Archer Armor
25:15 Gold Shaft Mining
25:25 Bow Saw
27:29 Leather Archer Armor
27:10 Bodkin Arrow
27:24 Thumb Ring
29:24 Bloodlines
29:57 Ballistics
29:33 Murder Holes
30:04 Stone Mining
33:26 Imperial Age
34:32 Stone Shaft Mining
33:50 Town Watch
34:45 Conscription
35:14 Caravan
36:25 Chemistry
35:42 Bracer
36:11 Parthian Tactics
36:44 Elite Mangudai
38:28 Town Patrol
39:18 Heavy Scorpion
43:15 Guard Tower
53:14 Drill
58:32 Husbandry
68:23 Capped Ram
Chafalote
0:41 Loom
9:42 Feudal Age
8:14 Double-Bit Axe
8:45 Horse Collar
13:35 Bow Saw
14:06 Heavy Plow
22:17 Castle Age
21:27 Scale Barding Armor
21:24 Scale Mail Armor
21:35 Forging
21:54 Gold Mining
22:29 Stone Mining
27:18 Imperial Age
26:19 Caravan
29:06 Conscription
30:37 Wheelbarrow
32:02 Crop Rotation
33:01 Husbandry
34:29 Iron Casting
33:28 Light Cavalry
35:08 Squires
36:01 Stone Shaft Mining
36:01 Gold Shaft Mining
34:51 Cavalier
37:51 Hand Cart
37:43 Padded Archer Armor
37:35 Fletching
37:23 Pikeman
37:25 Man-at-Arms
37:44 Crossbowman
37:45 Elite Skirmisher
39:41 Two-Man Saw
39:23 Chain Mail Armor
43:27 Chain Barding Armor
46:11 Plate Barding Armor
45:52 Leather Archer Armor
45:33 Bodkin Arrow
49:05 Paladin
51:49 Chemistry
51:11 Ballistics
51:00 Bracer
51:33 Plate Mail Armor
52:04 Blast Furnace
64:06 Treadmill Crane
64:38 Fortified Wall
64:17 Arrowslits
64:53 Bombard Tower
64:15 Long Swordsman
66:50 Burgundian Vineyards
94:11 Coinage
97:22 Halberdier
102:51 Hussar
104:33 Flemish Revolution
eric.ashmore
5:46 Feudal Age
7:05 Wheelbarrow
6:21 Double-Bit Axe
6:40 Horse Collar
16:22 Castle Age
14:32 Gold Mining
15:29 Stone Mining
18:21 Gold Shaft Mining
22:47 Imperial Age
21:29 Squires
21:32 Scale Mail Armor
22:04 Heavy Plow
22:43 Bow Saw
23:11 Forging
24:42 Conscription
25:25 Elite Hearth Troop
27:39 Two-Man Saw
29:01 Chain Mail Armor
30:07 Crop Rotation
29:53 Caravan
32:06 Plate Mail Armor
32:12 Iron Casting
32:24 Arson
33:00 Shield Wall
33:06 Pikeman
34:32 Thumb Ring
34:37 Halberdier
36:34 Capped Ram
40:11 Elite Varangian Guard
40:22 Cranequins
45:23 Chemistry
45:34 Heavy Mounted Crossbowman
50:28 Fletching
50:38 Padded Archer Armor
50:44 Scale Barding Armor
51:40 Gambesons
52:12 Guilds
55:45 Bodkin Arrow
56:06 Leather Archer Armor
63:19 Hand Cart
67:44 Murder Holes
106:46 Spies/Treason
eser
8:31 Feudal Age
9:16 Horse Collar
9:25 Double-Bit Axe
15:59 Castle Age
15:16 Gold Mining
15:18 Stone Mining
18:17 Bow Saw
22:23 Heavy Plow
26:08 Imperial Age
24:29 Grand Trunk Road
25:55 Coinage
26:39 Gold Shaft Mining
28:45 Elite Ghulam
29:31 Scale Mail Armor
29:42 Forging
32:17 Iron Casting
31:58 Chain Mail Armor
33:03 Banking
33:41 Stone Shaft Mining
34:48 Blast Furnace
34:31 Wheelbarrow
33:41 Loom
35:47 Caravan
52:54 Arson
53:10 Squires
52:30 Pikeman
112:51 Spies/Treason
Jawaharlal NEHRU
4:58 Loom
7:46 Feudal Age
14:39 Castle Age
13:03 Horse Collar
13:11 Double-Bit Axe
17:27 Wheelbarrow
18:27 Town Watch
18:53 Gold Mining
20:39 Caravan
21:56 Bloodlines
21:20 Crossbowman
23:14 Heavy Plow
23:29 Bow Saw
24:02 Masonry
24:13 Ballistics
26:36 Kamandaran
30:36 Imperial Age
28:32 Stone Mining
28:09 Pikeman
28:50 Squires
29:03 Husbandry
29:14 Thumb Ring
30:24 Hand Cart
31:41 Conscription
32:39 Crop Rotation
33:22 Cavalier
34:53 Forging
34:49 Scale Barding Armor
34:34 Fletching
35:13 Savar
38:12 Heavy Camel Rider
41:02 Padded Archer Armor
40:58 Bodkin Arrow
41:39 Iron Casting
41:24 Chain Barding Armor
41:21 Elite War Elephant
42:11 Capped Ram
70:18 Citadels
83:18 Chemistry
86:21 Hoardings
sheldongriffinjohnson
7:20 Feudal Age
7:58 Double-Bit Axe
7:57 Horse Collar
8:37 Gold Mining
10:14 Wheelbarrow
10:21 Wheelbarrow
17:24 Castle Age
20:06 Gold Shaft Mining
20:39 Caravan
24:28 Pikeman
27:46 Imperial Age
28:18 Detinets
31:32 Fortified Wall
30:58 Elite Boyar
33:26 Guard Tower
39:05 Hand Cart
38:32 Halberdier
39:14 Squires
39:33 Forging
39:24 Scale Mail Armor
39:30 Scale Barding Armor
43:13 Bow Saw
47:41 Conscription
48:03 Hoardings
51:14 Iron Casting
50:54 Chain Mail Armor
61:00 Capped Ram
63:45 Siege Ram
81:40 Onager
81:45 Heavy Scorpion
83:17 Druzhina
84:24 Blast Furnace
83:55 Plate Mail Armor
83:46 Chain Barding Armor
83:26 Padded Archer Armor
83:17 Fletching
83:29 Sappers
84:41 Coinage
84:18 Man-at-Arms
85:11 Long Swordsman
86:02 Two-Handed Swordsman
86:50 Champion
93:24 Heavy Plow
92:48 Crossbowman
92:53 Onager
92:59 Elite Skirmisher
93:00 Heavy Cavalry Archer
93:53 Masonry
93:49 Siege Engineers
93:40 Murder Holes
94:06 Ballistics
94:47 Chemistry
93:57 Clinker Construction
93:58 Careening
94:23 Stone Mining
95:22 Plate Barding Armor
94:44 Bodkin Arrow
95:05 Leather Archer Armor
105:25 Dry Dock
105:26 Carvel Hull
105:47 Crop Rotation
107:02 Ring Archer Armor
108:26 Two-Man Saw
107:21 Town Watch
107:22 Loom
107:47 Atonement
107:58 Redemption
108:09 Sanctity
108:25 Devotion
108:51 Illumination
108:42 Block Printing
108:23 Herbal Medicine
109:03 Theocracy
111:28 Faith
112:07 Light Cavalry
112:58 Bloodlines
112:49 Husbandry
112:10 Cavalier
113:46 Banking
Connection lost

Rejoining the realm…

Still unreachable

The connection could not be restored.

Session expired

The server has moved on; the page needs a fresh start.